 Dungeon Crawl Stone Soup version 0.28-a0-819-g6ef7baa362 (webtiles) character file.

Game seed: 9712779294996416567

158 demibob the Poker (level 5, -3/38 HPs)
             Began as a Merfolk Gladiator on Nov 9, 2021.
             Slain by an ogre (16 damage)
             ... on level 4 of the Dungeon.
             The game lasted 00:03:15 (2438 turns).

demibob the Poker (Merfolk Gladiator)               Turns: 2438, Time: 00:03:16

Health: -3/38      AC:  4    Str: 14    XL:     5   Next: 39%
Magic:  5/5        EV: 13    Int:  7    God:
Gold:   85         SH:  0    Dex: 17    Spells: 4/4 levels left

rFire   . . .      SeeInvis .   a - +1 trident
rCold   . . .      Faith    .   (no shield)
rNeg    . . .      Spirit   .   b - +0 leather armour
rPois   .          Reflect  .   c - +0 helmet
rElec   .          Harm     .   (no cloak)
rCorr   .          Rampage  .   (no gloves)
Will    .....                   (no boots)
Stlth   ++........              (no amulet)
HPRegen 0.12/turn               (no ring)
MPRegen 0.09/turn               (no ring)

@: attractive, flying
A: (nimble swimmer 2), mertail
a: no special abilities


You were on level 4 of the Dungeon.
You visited 1 branch of the dungeon, and saw 4 of its levels.

You collected 85 gold pieces.


Innate Abilities, Weirdness & Mutations

((You are quick and stealthy near water. (Stealth+, EV+, Speed+++)))
Your lower body shifts to a powerful aquatic tail in water.


   Skills:
 - Level 2.1 Fighting
 * Level 7.5 Polearms
 - Level 2.0 Throwing
 - Level 4.0 Dodging
 + Level 3.1 Stealth


You had 4 spell levels left.
You didn't know any spells.
Your spell library was empty.

Inventory:

Hand Weapons
 a - a +1 trident (weapon)
Missiles
 d - 3 throwing nets (quivered) {=f}
Armour
 b - a +0 leather armour (worn)
 c - a +0 helmet (worn)
Jewellery
 h - an amulet of magic regeneration
Scrolls
 g - a scroll of immolation
Potions
 f - a potion of magic

Dungeon Overview and Level Annotations

Branches:
Dungeon (4/15)
 Temple: D:4-7

Altars:

Annotations:
D:3 Sigmund

#.# #.#.# #<# #.#.#
#.# #.#.# #'####
#.#.##########.
.....###...#..........
.....##...........##
.....##...........##
.....''............#
.....##)........@O.#
.....##...>........#
##########+#+###..../.
#.#.#### #.#.# #.#.#
#.# # #.#


You could see an ogre.


Message History

You hit the orc but do no damage.
The orc is almost dead.
The orc hits you with a +0 hand axe.
You puncture the orc!
You kill the orc!
No target in view!
Things that are here:
a +0 hand axe; a +0 ring mail; an orc corpse
Found a tapered brass wand.
An ogre comes into view. It is wielding a +0 giant club.
The ogre shouts!
You aren't carrying any items that you can evoke.
It was a potion of heal wounds.
You feel much better.
It was a potion of flight.
You feel very buoyant.
You fly up into the air.
It was a potion of attraction.
You feel attractive to monsters.
You hit the ogre.
The ogre is moderately wounded.
The ogre hits you with a +0 giant club!
You barely miss the ogre.
The ogre is moderately wounded.
You barely miss the ogre.
The ogre is moderately wounded.
The ogre hits you with a +0 giant club!
* * * LOW HITPOINT WARNING * * *
You are too injured to fight recklessly!
You feel better. The ogre hits you with a +0 giant club!
You die...

Skill      XL: |  1  2  3  4 |
---------------+-------------+-----
Polearms       | 5 6 7 |  7.5
Stealth        | 1 2 3 |  3.1
Fighting       | |  2.1
Throwing       | |  2.0
Dodging        | |  4.0

Action                   |  1- 3 |  4- 6 || total
-------------------------+-------+-------++-------
Melee: Trident           |    96 |    77 ||   173
  Use: Scroll            |     3 |     4 ||     7
       Potion            |       |     4 ||     4
 Stab: Sleeping          |     1 |     5 ||     6
Armor: Leather armour    |    16 |    12 ||    28
Dodge: Dodged            |    54 |    33 ||    87

Levels and vault maps discovered:
D:1:      giann_bridges, layout_basic
D:2:      layout_rooms, ebering_ecumenical_altar_box, minmay_misc_feat_x
D:3:      layout_rooms, st_stairs_5, kennysheep_generic_room_14, uniq_sigmund
D:4:      layout_basic, uniq_edmund

Notes
Turn   | Place    | Note
-------+----------+-------------------------------------------
     0 | D:1      | demibob the Merfolk Gladiator began the quest for the Orb.
     0 | D:1      | Reached XP level 1. HP: 16/16 MP: 1/1
   165 | D:1      | Reached XP level 2. HP: 19/22 MP: 2/2
   167 | D:1      | Reached skill level 5 in Polearms
   167 | D:1      | Reached skill level 1 in Stealth
   842 | D:1      | Reached XP level 3. HP: 22/27 MP: 3/3
  1247 | D:2      | Reached skill level 6 in Polearms
  1247 | D:2      | Reached skill level 2 in Stealth
  1345 | D:2      | Reached XP level 4. HP: 33/33 MP: 4/4
  1461 | D:2      | Found a faded altar of an unknown god.
  2073 | D:3      | Noticed Sigmund
  2141 | D:3      | Reached skill level 7 in Polearms
  2141 | D:3      | Reached skill level 3 in Stealth
  2141 | D:3      | Reached XP level 5. HP: 37/38 MP: 5/5
  2431 | D:4      | Noticed an ogre
  2438 | D:4      | Slain by an ogre

Vanquished Creatures
  An orc priest (D:3)
  A hound skeleton (D:4)
  5 adders
  A worm (D:3)
  2 dart slugs (D:3)
  5 orcs
  7 bats
  8 endoplasms
  A goblin (D:1)
  3 hobgoblins
  2 jackals (D:1)
  2 quokkas (D:2)
  9 ball pythons
  3 frilled lizards
  4 kobolds
  8 rats
62 creatures vanquished.

Table legend: (Time is in decaauts)
 A = Elapsed time spent in this place.
 B = Non-inter-level travel time spent in this place.
 C = Inter-level travel time spent in this place.
 D = Time resting spent in this place.
 E = Time spent auto-exploring this place.
 F = Levels seen in this place.
 G = Mean time per level.
                   A        B        C        D        E       F      G
               +--------+--------+--------+--------+--------+-----+--------+
         Total |   2437 |   2391 |     46 |     93 |   1877 |   4 |  609.2 |
       Dungeon |   2437 |   2391 |     46 |     93 |   1877 |   4 |  609.2 |
               +--------+--------+--------+--------+--------+-----+--------+

Top non-repeatable levels by time:
     D:1: 1152 daAuts
     D:3: 737 daAuts
     D:2: 466 daAuts
     D:4: 80 daAuts

Table legend:
 A = Non-vault XP
 B = Vault XP
 C = Vault XP percentage of total XP
 D = Non-vault monster count
 E = Vault monster count
 F = Vault count percentage of total count
                 A         B        C        D         E       F
            +---------+---------+-------+---------+---------+-------
      Total |     213 |      13 |   5.8 |      58 |       4 |   6.5
            +---------+---------+-------+---------+---------+-------
        D:1 |      36 |       0 |   0.0 |      24 |       0 |   0.0
        D:2 |      53 |       0 |   0.0 |      18 |       0 |   0.0
        D:3 |     103 |      13 |  11.2 |      14 |       4 |  22.2
        D:4 |      21 |       0 |   0.0 |       2 |       0 |   0.0
            +---------+---------+-------+---------+---------+-------
